 Dungeon Crawl Stone Soup version 0.30.1-4-g462c640d31 (webtiles) character file.

Game seed: 14965237106034566107

15 H0rd4k the Charlatan (level 2, 0/18 HPs)
             Began as an Octopode Artificer on Sept 12, 2023.
             Slain by a goblin
             ... wielding a +0 club
             ... led by Robin
              (3 damage)
             ... on level 1 of the Dungeon.
             The game lasted 00:00:44 (513 turns).

H0rd4k the Charlatan (Octopode Artificer)            Turns: 513, Time: 00:00:45

Health: 0/18       AC:  1    Str: 11    XL:     2   Next: 50%
Magic:  2/2        EV: 13    Int: 13    God:
Gold:   75         SH:  0    Dex: 12    Spells: 1/1 levels left

rFire   + . .        (no weapon)
rCold   x . .        (no shield)
rNeg    . . .        (helmet restricted)
rPois   .            (no amulet)
rElec   .            a - ring of fire
rCorr   .            (no ring)
SInv    .            (no ring)
Will    .....        (no ring)
Stlth   +++          (no ring)
HPRegen 0.23/turn    (no ring)
MPRegen 0.08/turn    (no ring)
                     (no ring)

%: no passive effects
@: no status effects
A: almost no armour, amphibious, 8 rings, camouflage 1, gelatinous body 1,
(nimble swimmer 1), tentacles
a: no special abilities


You were on level 1 of the Dungeon.
You visited 1 branch of the dungeon, and saw 2 of its levels.

You collected 75 gold pieces.

Inventory:

Missiles
 i - 6 poisoned darts
Jewellery
 a - a ring of fire (left tentacle)
 m - an amulet of regeneration
Wands
 b - a wand of flame (15) (quivered)
 c - a wand of charming (15)
 d - a wand of iceblast (4)
Scrolls
 e - 2 scrolls of immolation {unknown}
 g - a scroll of teleportation {unknown}
 j - a scroll of silence {unknown}
 l - a scroll of poison {unknown}
 n - a scroll of blinking {unknown}
Potions
 f - a potion of ambrosia {unknown}
 h - a potion of flight {unknown}
 k - 2 potions of attraction {unknown}


   Skills:
 + Level 1.1 Fighting
 + Level 2.4 Dodging
 - Level 1.3 Stealth
 + Level 0.2 Unarmed Combat
 + Level 4.0 Evocations


You had one spell level left.
You didn't know any spells.
Your spell library was empty.

Dungeon Overview and Level Annotations

Branches:
Dungeon (2/15)

Altars:

Annotations:
D:2 Robin


Innate Abilities, Weirdness & Mutations

You cannot wear most types of armour.
You are amphibious.
You can wear up to eight rings at the same time.
Your skin changes colour to match your surroundings (Stealth+).
Your rubbery body absorbs attacks. (AC +1, EV +1)
((You are camouflaged when in or above water. (Stealth+)))
You have tentacles for arms and can constrict up to eight enemies at once.


Message History

Done exploring.
(D) Dungeon
Where to? (? - help)
There is a stone staircase leading down here.
You climb downwards.
The goblin shouts! x2; The hobgoblin shouts! x2; You hear a shout!
The goblin shouts!
The hobgoblin shouts!
Found a stone staircase leading down.
There is a stone staircase leading up here.
There are monsters nearby!
There are monsters nearby!
There are monsters nearby! 2 goblins come into view.
Found 2 scrolls labelled MEPSUL ICKIOPP.
The goblin shouts! x2; The hobgoblin shouts!
A hobgoblin comes into view.
There are monsters nearby!
You barely miss the goblin. Your grab misses the goblin.
The goblin hits you with a +0 club. Robin throws the goblin at you!
There are monsters nearby!
The hobgoblin hits you. The goblin closely misses you.
There is a stone staircase leading up, spattered with blood here.
The goblin barely misses you. The goblin closely misses you.
The hobgoblin misses you.
You climb upwards.
There is a stone staircase leading down here.
The goblin unwields a +0 club.
The goblin wields a +0 sling.
The goblin shoots a sling bullet.
The sling bullet barely misses you. The goblin hits you with a +0 club.
* * * LOW HITPOINT WARNING * * *
The hobgoblin hits you.
* * * LOW HITPOINT WARNING * * *
Aiming: Iceblast
Press: ? - help, Shift-Dir - straight line The mass of ice explodes!
The iceblast engulfs the goblin!!
You kill the goblin!
The iceblast engulfs the hobgoblin!!
You kill the hobgoblin!
The goblin hits you with a +0 club.
You die...

#.......#
#..##.#
#########
#..##.##
#..##..#####
#..###.....##
#..#
#####..####
####.####
##.)..###
#.......#
####....
#.......#
#####
#..@....#
#)†g....#
#.>.....#
#########


You could see a goblin.

Vanquished Creatures
  An endoplasm (D:1)
  3 goblins (D:1)
  3 hobgoblins (D:1)
  A quokka (D:1)
  3 ball pythons (D:1)
  2 bats (D:1)
  2 kobolds (D:1)
  2 rats (D:1)
17 creatures vanquished.

Notes
Turn   | Place    | Note
-------+----------+-------------------------------------------
     0 | D:1      | H0rd4k the Octopode Artificer began the quest for the Orb.
     0 | D:1      | Reached XP level 1. HP: 13/13 MP: 1/1
   244 | D:1      | Reached XP level 2. HP: 14/18 MP: 2/2
   418 | D:1      | Reached skill level 4 in Evocations
   505 | D:2      | Noticed Robin
   513 | D:1      | Slain by a goblin

Illustrated notes

Levels and vault maps discovered:
D:1:      scummos_arrival_simple_fountains, layout_rooms
D:2:      minmay_roachtagon, layout_basic, serial_rivers,
          chequers_serial_rivers_micro_a, chequers_serial_rivers_micro_e,
          chequers_serial_rivers_small_b, chequers_serial_rivers_large_b,
          basic_altar, minmay_close_crescents, uniq_robin

Skill      XL: |  1  2 |
---------------+-------+-----
Evocations     | 4 |  4.0
Fighting       | |  1.1
Dodging        | |  2.4
Stealth        | |  1.3
Unarmed Combat | |  0.2

Action                     || total
---------------------------++-------
  Melee: Unarmed           ||    36
         Constrict         ||    13
         Tentacles         ||     4
  Evoke: Wand              ||     1
   Stab: Sleeping          ||     4
 Armour: Skin              ||     2
  Dodge: Dodged            ||    26
